AoeStats
← Ivan

Black Forest

508932890Analyzed
2v2 RM · 8d ago on Sep 24, 2026· 57m 8s· 4 players
Game mode
Random Map
Map size
Medium (4 player)
Population
200
Speed
Normal
Resources
Standard
Victory
Conquest
Starting age
Dark Age
Ending age
Imperial Age
RankedLock teamsTeams togetherTeam positionsShared explorationLock speedFull tech treeHidden civsTurbo modeCheats
Victory
Defeat
🇲🇽 Tatars · Mexico
752
+14
🇩🇪 Byzantines · Germany
726
+14
🇬🇧 Danes · United Kingdom
720
-15
🇨🇿 Burmese · Czechia
681
-13
Ivan
1:29 Loom
12:23 Feudal Age
14:01 Wheelbarrow
13:22 Horse Collar
13:45 Stone Mining
18:23 Gold Mining
18:29 Town Watch
21:48 Castle Age
22:50 Gambesons
22:27 Man-at-Arms
24:28 Squires
25:34 Hand Cart
25:19 Town Patrol
26:31 Gold Shaft Mining
25:43 Long Swordsman
26:53 Forging
26:44 Scale Mail Armor
26:49 Scale Barding Armor
33:19 Imperial Age
33:25 Chain Mail Armor
34:22 Conscription
37:04 Iron Casting
36:59 Plate Mail Armor
36:16 Two-Handed Swordsman
38:11 Town Patrol
38:01 Champion
38:17 Pikeman
40:29 Blast Furnace
39:50 Chain Barding Armor
40:53 Husbandry
41:04 Bloodlines
45:14 Halberdier
52:23 Murder Holes
deano earlhs
0:39 Loom
14:49 Feudal Age
20:06 Wheelbarrow
21:02 Horse Collar
24:12 Castle Age
22:59 Arson
23:16 Double-Bit Axe
23:25 Gold Mining
23:26 Stone Mining
23:40 Scale Mail Armor
23:51 Forging
26:01 Hand Cart
26:29 Bow Saw
28:32 Heavy Plow
29:17 Gold Shaft Mining
29:18 Stone Shaft Mining
29:00 Caravan
35:59 Heated Shot
36:05 Murder Holes
36:31 Ballistics
36:02 Guard Tower
37:45 Hamask
42:28 Imperial Age
40:30 Devotion
40:43 Fervor
40:54 Sanctity
40:48 Redemption
41:25 Husbandry
41:36 Bloodlines
42:53 Northmen's Fury
47:49 Thumb Ring
47:05 Cranequins
47:06 Heavy Mounted Crossbowman
49:36 Padded Archer Armor
49:42 Scale Barding Armor
49:52 Chain Mail Armor
50:13 Iron Casting
49:28 Fletching
ddelcueto
0:30 Loom
12:01 Feudal Age
16:33 Gold Mining
16:53 Double-Bit Axe
17:43 Horse Collar
17:56 Stone Mining
21:14 Castle Age
22:59 Bow Saw
24:24 Wheelbarrow
26:00 Hand Cart
26:29 Caravan
27:48 Gold Shaft Mining
27:15 Heavy Plow
28:57 Fletching
31:50 Imperial Age
31:51 Bloodlines
31:41 Husbandry
32:07 Bodkin Arrow
32:35 Ballistics
33:04 Timurid Siegecraft
33:18 Conscription
33:46 Heavy Camel Rider
35:17 Siege Engineers
36:17 Crop Rotation
36:16 Bracer
36:18 Padded Archer Armor
37:21 Heavy Cavalry Archer
38:32 Leather Archer Armor
38:59 Silk Armor
40:13 Chemistry
41:17 Guilds
42:39 Ring Archer Armor
42:31 Town Watch
43:47 Forging
43:42 Scale Barding Armor
43:32 Treadmill Crane
43:48 Murder Holes
44:41 Masonry
47:33 Town Patrol
49:04 Iron Casting
48:49 Chain Barding Armor
50:10 Elite Keshik
52:21 Blast Furnace
51:57 Plate Barding Armor
55:58 Spies/Treason
FavoriteCrib133
0:35 Loom
14:02 Feudal Age
20:37 Castle Age
19:10 Double-Bit Axe
20:14 Forging
23:46 Bow Saw
23:52 Horse Collar
26:34 Scale Mail Armor
26:59 Forging
27:43 Heavy Plow
28:50 Wheelbarrow
30:22 Scale Barding Armor
31:23 Hand Cart
32:10 Husbandry
33:05 Fortified Wall
33:17 Ballistics
32:39 Treadmill Crane
32:56 Murder Holes
34:06 Light Cavalry
38:01 Imperial Age
37:11 Chain Barding Armor
37:48 Iron Casting
39:30 Crop Rotation
40:05 Two-Man Saw
39:11 Caravan
39:41 Coinage
39:22 Guilds
39:03 Cavalier
40:07 Gold Mining
40:08 Stone Mining
40:59 Conscription
40:30 Capped Ram
42:46 Banking
42:18 Siege Ram
47:12 Paladin
48:41 Gold Shaft Mining
48:42 Stone Shaft Mining
49:40 Hussar
56:51 Heavy Camel Rider
57:44 Logistica
56:56 Elite Cataphract
57:36 Greek Fire
58:13 Hoardings
57:32 Guard Tower
58:43 Chemistry
Connection lost

Rejoining the realm…

Still unreachable

The connection could not be restored.

Session expired

The server has moved on; the page needs a fresh start.